 Dungeon Crawl Stone Soup version 0.22.1-1-ga44c0e5 (webtiles) character file.

71878 Monsterracer the Black Belt (level 14, -22/110 HPs)
             Began as a Vampire Ice Elementalist on Sept 29, 2018.
             Was the Champion of Okawaru.
             Killed from afar by an orc sorcerer (31 damage)
             ... with a bolt of negative energy
             ... on level 2 of the Orcish Mines.
             The game lasted 01:11:30 (31137 turns).

Monsterracer the Black Belt (VpIE)                 Turns: 31137, Time: 01:11:31

Health: -22/110    AC: 26    Str: 11    XL:     14   Next: 99%
Magic:  20/20      EV: 15    Int: 18    God:    Okawaru [******]
Gold:   2051       SH:  5    Dex: 18    Spells: 11/17 levels left

rFire    + + +     SeeInvis +     - Unarmed
rCold    . . .     Gourm    .   e - +0 buckler
rNeg     . . .     Faith    .   M - +2 scale mail {rF+}
rPois    .         Spirit   .   a - +2 helmet
rElec    .         Reflect  .   L - +2 cloak {rF+}
rCorr    .         Harm     .   k - +2 pair of gloves {Dex+3}
MR       +....                  K - +2 pair of boots
Stlth    ++........             c - amulet of magic regeneration
HPRegen  0.48/turn              o - +3 ring of protection
MPRegen  0.42/turn              f - ring of protection from fire {!d}

@: regenerating quickly, drained
A: fangs 3, see invisible, unbreathing
a: Heroism, Finesse, Renounce Religion


You were on level 2 of the Orcish Mines.
You worshipped Okawaru.
Okawaru was exalted by your worship.
You were very full.

You visited 4 branches of the dungeon, and saw 22 of its levels.
You also visited: Labyrinth, Bailey and Volcano.

You collected 2051 gold pieces.

Inventory:

Armour
 a - a +2 helmet (worn)
 e - a +0 buckler (worn)
 k - a +2 pair of gloves of dexterity (worn)
 E - +0 swamp dragon scales
 K - a +2 pair of boots (worn)
 L - a +2 cloak of fire resistance (worn)
 M - a +2 scale mail of fire resistance (worn)
Magical Staves
 b - an uncursed staff of wizardry {!a}
Jewellery
 c - an amulet of magic regeneration (around neck)
 f - a ring of protection from fire (right hand) {!d}
 o - a +3 ring of protection (left hand)
 U - an uncursed ring of ice
Wands
 j - a wand of enslavement (10)
 r - a wand of paralysis (24)
 B - a wand of clouds (5)
 F - a wand of polymorph (32)
 I - a wand of digging (24)
 J - a wand of acid (14)
 P - a wand of scattershot (1)
 Q - a wand of iceblast (9)
 R - a wand of flame (36)
Scrolls
 d - 9 scrolls of magic mapping {!r}
 g - 9 scrolls of remove curse
 i - 3 scrolls of teleportation {!r}
 s - 8 scrolls of amnesia
 v - 2 scrolls of fog
 A - 2 scrolls of blinking
 O - a scroll of silence
 S - 2 scrolls of identify
 T - a scroll of enchant armour
Potions
 h - 8 potions of curing
 l - 3 potions of resistance
 m - 7 potions of brilliance
 n - 3 potions of agility
 p - 3 potions of flight
 q - 29 potions of blood
 t - 3 potions of haste
 u - 4 potions of mutation {!q}
 w - a potion of magic
 z - a potion of invisibility
 C - 2 potions of cancellation
 D - 3 potions of lignification
 G - a potion of ambrosia {!q}
 H - 2 potions of might
 N - 2 potions of berserk rage {!q}
Miscellaneous
 x - a box of beasts
 y - a lightning rod (4/4)


   Skills:
 + Level 10.1(9.3) Fighting
 + Level 8.5(7.8) Armour
 + Level 11.5(10.7) Dodging
 - Level 5.0(4.4) Stealth
 - Level 4.0(3.3) Shields
 * Level 16.4(15.5) Unarmed Combat
 - Level 2.0(1.4) Spellcasting
   Level 0.6(0.0) Conjurations
 + Level 0.4(0.0) Charms
 - Level 5.0(4.3) Ice Magic
 + Level 8.3(7.6) Invocations
 - Level 5.0(4.3) Evocations


You had 11 spell levels left.
You knew the following spells:

 Your Spells              Type           Power        Failure   Level  Hunger
a - Freeze                Ice            ###.         16%         1    ##.....
b - Song of Slaying       Chrm           #.......     82%         2    ###....
j - Regeneration          Chrm/Necr      #.........   96%         3    ####...

Your spell library contained the following spells:

 Spells                   Type           Power        Failure   Level  Hunger
 Throw Frost              Conj/Ice       #.....       52%         2    ###....
 Infusion                 Chrm           #...         67%         1    ##.....
 Ozocubu's Armour         Chrm/Ice       #.......     75%         3    ####...
 Shroud of Golubria       Chrm/Tloc      #.........   82%         2    ###....
 Spectral Weapon          Hex/Chrm       #.......     96%         3    ####...
 Summon Ice Beast         Ice/Summ       #.......     98%         4    #####..
 Throw Icicle             Conj/Ice       #.......     98%         4    #####..
 Bolt of Magma            Conj/Fire/Erth #.........   100%        5    ######.
 Iskenderun's Battlesphe  Conj/Chrm      #.......     100%        5    ######.
 Venom Bolt               Conj/Pois      #.........   100%        5    ######.
 Iron Shot                Conj/Erth      #.........   100%        6    #######
 Malign Gateway           Summ/Tloc      #.........   100%        7    #######
 Monstrous Menagerie      Summ           #.........   100%        7    #######
 Orb of Destruction       Conj           #.........   100%        7    #######
 Spellforged Servitor     Conj/Summ      #.........   100%        7    #######
 Summon Greater Demon     Summ           #.........   100%        7    #######
 Summon Horrible Things   Summ           #.........   100%        8    #######


Dungeon Overview and Level Annotations

Branches:
Dungeon (13/15)            Temple (1/1) D:4            Lair (6/6) D:9
 Shoals (0/4) Lair:2       Spider (0/4) Lair:2        Slime (0/5) Lair:5
    Orc (2/2) D:12            Elf (0/3) Orc:2
 Vaults: D:13-14

Altars:
Ashenzari
Cheibriados
Dithmenos
Elyvilon
Fedhas
Gozag
Hepliaklqana
Kikubaaqudgha
Makhleb
Nemelex Xobeh
Okawaru
Qazlal
Ru
Sif Muna
Trog
Uskayaw
Vehumet
Wu Jian
Xom
Yredelemnul
Zin
The Shining One
Beogh
Jiyva

Shops:
D:7 [   Orc:1 (


Innate Abilities, Weirdness & Mutations

Your natural rate of healing is unusually fast.
You have razor-sharp teeth.
You have supernaturally acute eyesight. (SInv)
You can survive without breathing.


Message History

You feel resistant to cold.
You regained 5 hp, and now have 97/110 hp.
Drop what? 48/52 slots (_ for help) (? for menu, Esc to quit)
You start removing your armour.
You continue taking off your +3 plate armour of cold resistance. x4
You finish taking off your +3 plate armour of cold resistance.
You feel less resistant to cold.
You drop a +3 plate armour of cold resistance.
You regained 3 hp, and now have 100/110 hp.
Wear which item? (? for menu, Esc to quit)
You start putting on your armour.
You continue putting on your +2 scale mail of fire resistance. x4
You finish putting on your +2 scale mail of fire resistance.
You feel resistant to fire.
You regained 2 hp, and now have 102/110 hp.
You climb downwards.
The orc high priest closely misses you. The orc high priest misses you.
The orc sorcerer mumbles some strange words.
The orc high priest misses you.
There is a stone staircase leading up, spattered with blood here.
You regained 2 hp, and now have 104/110 hp.
You hit the orc high priest.
The orc high priest is lightly wounded.
The orc high priest mumbles some strange prayers to Beogh against you.
You resist with some effort.
You pummel the orc high priest!!
The orc high priest is heavily wounded.
The orc high priest hits you but does no damage.
You barely miss the orc high priest.
The orc high priest is heavily wounded.
The orc high priest barely misses you.
You closely miss the orc high priest.
The orc high priest is heavily wounded.
The orc high priest calls down the wrath of Beogh upon you.
Beogh smites you!
You take 14 damage, and have 91/110 hp.
You punch the orc high priest!
The orc high priest is heavily wounded.
The orc high priest closely misses you.
The orc high priest hits you but does no damage.
You pummel the orc high priest!!
You kill the orc high priest!
Okawaru accepts your kill.
The orc sorcerer hits you but does no damage.
You punch the orc sorcerer!
The orc sorcerer is moderately wounded.
The orc high priest hits you but does no damage.
You block the orc sorcerer's attack.
You hit the orc sorcerer but do no damage.
The orc sorcerer is moderately wounded.
The orc priest barely misses you.
You hit the orc sorcerer but do no damage.
The orc sorcerer is moderately wounded.
The orc high priest mumbles some strange prayers to Beogh against you.
Beogh smites you! The orc sorcerer casts a spell at you.
You suddenly lose the ability to move!
The orc priest calls down the wrath of Beogh upon you.
Pain shoots through your body! The sun demon hits you.
You are engulfed in flames.
You resist.
The orc high priest hits you but does no damage.
The orc sorcerer hits you but does no damage.
The orc priest calls down the wrath of Beogh upon you.
Beogh smites you!
* * * LOW HITPOINT WARNING * * *
The sun demon hits you.
* * * LOW HITPOINT WARNING * * *
You are engulfed in flames.
You resist.
* * * LOW HITPOINT WARNING * * *
The orc sorcerer points at you and mumbles some strange words.
The bolt of fire hits you! You resist.
* * * LOW HITPOINT WARNING * * *
The orc high priest hits you but does no damage.
The sun demon hits you.
* * * LOW HITPOINT WARNING * * *
You are engulfed in flames.
You resist.
* * * LOW HITPOINT WARNING * * *
The orc priest hits you but does no damage.
The sun demon completely misses you.
The orc sorcerer hits you but does no damage.
The orc priest hits you but does no damage.
The orc high priest utters an invocation to Beogh.
The sun demon hits you.
* * * LOW HITPOINT WARNING * * *
You are engulfed in flames.
You resist.
* * * LOW HITPOINT WARNING * * *
The orc sorcerer hits you but does no damage.
The orc priest hits you but does no damage.
The orc high priest utters an invocation to Beogh.
You can move again.
You take 60 damage, and have 32/110 hp.
MASSIVE DAMAGE!!
Unknown command.
Unknown command.
The sun demon hits you!!
* * * LOW HITPOINT WARNING * * *
You are engulfed in flames.
You resist.
* * * LOW HITPOINT WARNING * * *
The orc sorcerer gestures at you while chanting.
The bolt of negative energy hits you!
You feel drained.
You die...

###.# o.§.o÷.÷.## ##...##
.÷..÷.o.o.# #.....# #...##
###.#.#### ##...# ##.##.....#
##)..# ####....#.#.## ###)...#
###.###.....##########.....##
##............##...........##
.###........###.@oo44........##
.#.##.##..###...3o4[.....).###
#....#.#..#.....#.##......##
.................##.....###
.............#....#..#.## ####
.............#.........####..##
.........................#....#
..[..............##..........##
..[(..................#.....##


You could see an orc high priest, a sun demon, a hellwing, an ice devil, a chaos
spawn, an orc sorcerer and an orc priest.

Vanquished Creatures
  Gastronok (D:8)
  A stone giant (Orc:2)
  A dire elephant (Lair:6)
  A minotaur (Lab)
  Josephine (D:11)
  An ogre mage (Volcano)
  A fire dragon (Lair:6)
  3 hydras
  7 two-headed ogres
  A catoblepas (Lair:6)
  7 death yaks
  A tengu warrior (D:13)
  2 orc high priests
  A hell knight (Volcano)
  A swamp dragon (Lair:6)
  2 unseen horrors
  A lindwurm (Lair:6)
  A wolf spider zombie (D:12)
  4 orc knights (Orc:1)
  Pikel (D:8)
  2 wolf spiders (Lair:6)
  3 orc sorcerers
  3 ugly things
  2 cyclopes (D:11)
  2 manticores (Lair:6)
  9 elephants
  A centaur zombie (D:11)
  3 black mambas
  12 spiny frogs
  A rime drake (Lair:3)
  A kobold demonologist (D:12)
  2 gargoyles
  8 komodo dragons
  An efreet (D:11)
  2 polar bears (Lair:6)
  2 trolls (Orc:1)
  A hornet (D:7)
  9 slime creatures
  13 blink frogs
  A snapping turtle (Lair:2)
  Sigmund (D:4)
  15 dream sheep
  9 hippogriffs
  A wyvern (Lair:4)
  2 shadows (Lab)
  A vampire (D:10)
  A redback (D:11)
  4 hogs
  3 wraiths (D:11)
  25 yaks
  3 basilisks
  5 hungry ghosts
  A human (D:8)
  A steam dragon (Lair:6)
  A vampire mosquito (D:11)
  5 acid dragons
  8 water moccasins
  2 hell hounds (Lair:6)
  A soldier ant (D:11)
  Duvessa (D:3)
  5 porcupines
  A hornet zombie (D:8)
  3 ice beasts
  4 sky beasts
  4 swamp drakes
  25 orc warriors
  A black bear (D:9)
  A phantom (D:9)
  22 wolves
  8 ogres
  4 centaurs
  14 crocodiles
  4 big kobolds
  22 bullfrogs
  Dowan (D:3)
  A water moccasin zombie (D:12)
  A wyvern skeleton (D:9)
  3 scorpions
  12 killer bees
  The ghost of dscm the Skirmisher, a weakling OpFi (D:4)
  2 electric eels
  A howler monkey (D:7)
  6 crimson imps
  3 bullfrog zombies
  6 bullfrog skeletons
  16 orc priests
  3 jellies
  7 hounds
  26 orc wizards
  5 iguanas
  9 worker ants
  A worker ant zombie (D:10)
  Robin (D:3)
  13 gnolls
  A howler monkey zombie (D:10)
  9 adders
  A river rat (Lair:3)
  2 shadow imps (D:7)
  2 adder skeletons
  2 adder zombies
  3 dart slugs
  3 leopard geckos
  85 orcs
  2 ball pythons
  8 giant cockroaches
  48 goblins
  35 hobgoblins
  7 jackals
  4 quokkas
  8 bats
  5 frilled lizards
  A jackal zombie (D:6)
  21 kobolds
  A leopard gecko skeleton (D:4)
  6 rats
697 creatures vanquished.

Vanquished Creatures (others)
  2 slaves (D:8)
  A necrophage (D:8)
  A wolf (Lair:3)
  2 orcs (Orc:2)
  18 fungi
  30 plants
54 creatures vanquished.

Grand Total: 751 creatures vanquished

Notes
Turn   | Place    | Note
-------+----------+-------------------------------------------
     0 | D:1      | Monsterracer the Vampire Ice Elementalist began the quest
                  | for the Orb.
     0 | D:1      | Reached XP level 1. HP: 13/13 MP: 3/3
    56 | D:1      | HP: 6/13 [jackal (3)]
    57 | D:1      | Reached skill level 1 in Unarmed Combat
   318 | D:1      | Reached XP level 2. HP: 14/19 MP: 0/5
   514 | D:1      | Reached skill level 2 in Unarmed Combat
  1004 | D:1      | Reached XP level 3. HP: 24/24 MP: 4/6
  1250 | D:2      | Reached skill level 3 in Unarmed Combat
  2067 | D:2      | Reached XP level 4. HP: 30/30 MP: 5/7
  2074 | D:2      | Reached skill level 4 in Unarmed Combat
  2588 | D:3      | Noticed Robin
  2901 | D:3      | Killed Robin
  3111 | D:3      | Reached skill level 1 in Fighting
  3111 | D:3      | Reached XP level 5. HP: 30/37 MP: 4/8
  3850 | D:3      | Reached skill level 5 in Unarmed Combat
  4425 | D:3      | Reached XP level 6. HP: 44/44 MP: 9/9
  4626 | D:3      | HP: 22/44 [gnoll/whip (1)]
  4632 | D:3      | HP: 16/44 [kobold/stone (1)]
  4649 | D:3      | HP: 21/44 [hobgoblin/club (1)]
  4680 | D:3      | HP: 22/44 [kobold/short sword (4)]
  4691 | D:3      | Reached skill level 6 in Unarmed Combat
  5287 | D:4      | Noticed Sigmund
  5490 | D:3      | Reached XP level 7. HP: 43/51 MP: 6/10
  5690 | D:4      | Found a staircase to the Ecumenical Temple.
  5698 | D:4      | Noticed Dowan
  5855 | D:4      | Noticed Duvessa
  5990 | D:3      | HP: 22/51 [Duvessa/wand of flame (8) (7)]
  5995 | D:3      | HP: 22/51 [Duvessa/short sword (2)]
  6188 | D:4      | Found a large runed door.
  6189 | D:4      | Found a large runed door.
  6192 | D:4      | Noticed dscm's ghost (weakling OpFi)
  6196 | Temple   | Entered the Ecumenical Temple
  6400 | D:5      | Entered Level 5 of the Dungeon
  6474 | D:4      | HP: 23/52 [gnoll/flail of protection (8)]
  6480 | D:4      | HP: 18/52 [gnoll/spear (7)]
  6490 | D:4      | HP: 21/52 [gnoll/spear (1)]
  6661 | D:4      | Killed Sigmund
  6661 | D:4      | Reached skill level 7 in Unarmed Combat
  6902 | D:4      | Killed dscm's ghost
  6978 | D:3      | Killed Duvessa
  6978 | D:3      | Reached skill level 5 in Ice Magic
  6978 | D:3      | Reached XP level 8. HP: 46/58 MP: 11/11
  6998 | D:3      | Killed Dowan
  7047 | D:5      | Reached skill level 1 in Shields
  7399 | D:5      | Reached skill level 1 in Armour
  7399 | D:5      | Reached skill level 8 in Unarmed Combat
  7605 | D:5      | Found a hazy altar of Hepliaklqana.
  7608 | D:5      | Found a deep blue altar of Sif Muna.
  7611 | D:5      | Found an ancient bone altar of Kikubaaqudgha.
  8521 | D:7      | Noticed a kobold demonologist
  8523 | D:7      | Found a transporter.
  8528 | D:7      | Found a transporter.
  8553 | D:7      | Reached XP level 9. HP: 64/66 MP: 9/12
  8636 | D:7      | Noticed an unseen horror
  8764 | D:7      | Reached skill level 9 in Unarmed Combat
  8795 | D:6      | HP: 33/66 [poisoned by a killer bee]
  8800 | D:6      | HP: 29/66 [poisoned by a killer bee]
  8805 | D:6      | HP: 27/66 [poisoned by a killer bee]
  8812 | D:6      | HP: 26/66 [poisoned by a killer bee]
  8819 | D:6      | HP: 25/66 [poisoned by a killer bee]
  8827 | D:6      | HP: 25/66 [poisoned by a killer bee]
  9062 | D:6      | HP: 28/66 [ogre/giant club (26)]
  9290 | D:6      | HP: 31/66 [ogre/giant club (17)]
  9301 | D:6      | Reached skill level 5 in Dodging
  9612 | D:7      | Reached skill level 5 in Fighting
  9707 | D:7      | Found Sozoruwe's Armour Boutique.
  9769 | D:7      | Killed an unseen horror
  9769 | D:7      | Reached skill level 10 in Unarmed Combat
  9913 | D:7      | Noticed a kobold demonologist
 10112 | D:8      | Reached XP level 10. HP: 74/74 MP: 13/13
 10181 | D:8      | Reached skill level 5 in Stealth
 10275 | D:8      | Reached skill level 1 in Evocations
 10475 | D:8      | Noticed Pikel
 10507 | D:8      | Killed Pikel
 10686 | D:8      | Got a crude flail
 10687 | D:8      | Identified the +11 flail of Giuciedi {vamp, rF++ MR-} (You
                  | found it on level 8 of the Dungeon)
 11123 | D:8      | HP: 37/74 [poisoned by an orc priest]
 11233 | D:8      | Noticed Gastronok
 11238 | D:8      | HP: 23/74 [Gastronok/the air (30)]
 11571 | D:9      | Reached skill level 5 in Evocations
 11657 | D:9      | Found an iron altar of Okawaru.
 11687 | D:9      | Became a worshipper of Warmaster Okawaru
 12165 | D:9      | Reached skill level 1 in Invocations
 12316 | D:9      | Reached * piety under Okawaru
 12345 | D:9      | Found a white marble altar of Elyvilon.
 12346 | D:9      | Found a bloodstained altar of Trog.
 12474 | D:9      | Found a staircase to the Lair.
 12496 | D:9      | HP: 38/76 [acid (5)]
 12708 | D:10     | Entered Level 10 of the Dungeon
 12887 | D:10     | Noticed an unseen horror
 12980 | D:10     | Killed an unseen horror
 12980 | D:10     | Reached ** piety under Okawaru
 12980 | D:10     | Reached skill level 11 in Unarmed Combat
 12980 | D:10     | Reached XP level 11. HP: 75/81 MP: 14/14
 13068 | D:10     | Found a flagged portal.
 13085 | Bailey   | Entered a bailey
 13085 | Bailey   | Noticed an orc knight
 13278 | Lair:1   | Entered Level 1 of the Lair of Beasts
 13574 | Lair:1   | HP: 40/81 [spiny frog (4)]
 13577 | Lair:1   | HP: 17/81 [basilisk (7)]
 13779 | Lair:1   | HP: 32/81 [spiny frog (9)]
 13784 | Lair:1   | HP: 20/81 [poisoned by a spiny frog]
 14086 | Lair:1   | Reached *** piety under Okawaru
 14515 | Lair:1   | HP: 34/82 [yak (9)]
 14948 | Lair:2   | Noticed a seven-headed hydra
 15182 | Lair:2   | Reached **** piety under Okawaru
 15396 | Lair:1   | Reached skill level 5 in Armour
 15545 | Lair:2   | Found a hole to the Spider Nest.
 15576 | Lair:2   | Reached skill level 12 in Unarmed Combat
 15766 | Lair:2   | Found a staircase to the Shoals.
 15781 | Lair:2   | HP: 41/83 [snapping turtle (14)]
 15787 | Lair:2   | HP: 39/83 [snapping turtle (4)]
 15815 | Lair:2   | HP: 34/83 [snapping turtle (15)]
 15827 | Lair:2   | HP: 22/83 [snapping turtle (17)]
 16407 | Lair:3   | Noticed a death yak
 16408 | Lair:3   | Noticed a death yak
 16412 | Lair:3   | Noticed a death yak
 16571 | Lair:3   | Reached ***** piety under Okawaru
 16609 | Lair:3   | HP: 41/83 [death yak (6)]
 16611 | Lair:3   | Noticed a death yak
 16615 | Lair:3   | Killed a death yak
 16978 | Lair:3   | Killed a death yak
 16978 | Lair:3   | Reached XP level 12. HP: 83/91 MP: 15/15
 17080 | Lair:3   | HP: 45/91 [poisoned by a spiny frog]
 17085 | Lair:3   | HP: 40/91 [poisoned by a spiny frog]
 17090 | Lair:3   | HP: 36/91 [poisoned by a spiny frog]
 17096 | Lair:3   | HP: 35/91 [poisoned by a spiny frog]
 17102 | Lair:3   | HP: 35/91 [poisoned by a spiny frog]
 17107 | Lair:3   | HP: 35/91 [poisoned by a spiny frog]
 17115 | Lair:3   | HP: 36/91 [poisoned by a spiny frog]
 17535 | Lair:3   | HP: 34/91 [death yak (15)]
 17540 | Lair:3   | Killed a death yak
 17542 | Lair:3   | HP: 11/91 [rime drake/flash freeze (25)]
 17960 | Lair:3   | HP: 28/91 [death yak (23)]
 17961 | Lair:3   | Killed a death yak
 17967 | Lair:3   | HP: 21/91 [wolf (9)]
 17974 | Lair:3   | HP: 20/91 [wolf (3)]
 18464 | Lair:4   | Reached skill level 13 in Unarmed Combat
 18523 | Lair:4   | Received a gift from Okawaru
 18532 | Lair:4   | Got a steaming hunting sling {god gift}
 18533 | Lair:4   | Identified the +1 hunting sling of the Extremes {flame,
                  | +Fly MP+9 Str-4 Dex+5} (Okawaru gifted it to you on level 4
                  | of the Lair of Beasts)
 18646 | Lair:3   | Reached skill level 5 in Invocations
 19942 | Lair:5   | Found a labyrinth entrance.
 20067 | Lab      | Entered a labyrinth
 20516 | Lab      | Noticed a minotaur
 20528 | Lab      | HP: 39/92 [minotaur/war axe of draining (22)]
 20531 | Lab      | Killed a minotaur
 20838 | Lair:5   | Found a staircase to the Slime Pits.
 20846 | Lair:5   | Found a viscous altar of Jiyva.
 21201 | Lair:5   | Reached XP level 13. HP: 98/98 MP: 15/17
 21383 | Lair:6   | Entered Level 6 of the Lair of Beasts
 21481 | Lair:6   | Reached ****** piety under Okawaru
 21481 | Lair:6   | Reached skill level 14 in Unarmed Combat
 21544 | Lair:6   | Received a gift from Okawaru
 21592 | Lair:6   | Found a dark tunnel.
 21672 | Volcano  | Entered a volcano
 21792 | Volcano  | Received a gift from Okawaru
 21915 | Volcano  | Paralysed by an ogre mage for 6 turns
 22235 | Lair:6   | Reached skill level 10 in Dodging
 22727 | Lair:6   | Found a shimmering altar of Xom.
 23298 | Lair:6   | Noticed a fire dragon
 23322 | Lair:6   | Killed a fire dragon
 23322 | Lair:6   | Received a gift from Okawaru
 23623 | Lair:6   | Reached skill level 15 in Unarmed Combat
 23723 | Lair:6   | Noticed a dire elephant
 23761 | Lair:6   | Killed a dire elephant
 23761 | Lair:6   | Reached XP level 14. HP: 89/108 MP: 19/19
 23857 | Lair:6   | Received a gift from Okawaru
 25565 | D:8      | Killed Gastronok
 25720 | D:10     | Found a burning altar of Makhleb.
 26033 | D:11     | Received a gift from Okawaru
 26067 | D:11     | HP: 49/108 [cyclops (14)]
 26075 | D:11     | Got a transparent hunting sling {god gift}
 26077 | D:11     | Identified the +3 hunting sling of Picsoq {flame, +Inv
                  | Int+5} (Okawaru gifted it to you on level 11 of the
                  | Dungeon)
 26087 | D:11     | HP: 52/108 [acid dragon/splash of acid (2)]
 26472 | D:11     | Noticed Josephine
 26506 | D:11     | Killed Josephine
 26797 | D:11     | Got a brightly glowing ring mail
 26824 | D:11     | Identified the +1 ring mail of the Cast Vote {Int+2} (You
                  | found it on level 11 of the Dungeon)
 27145 | D:12     | HP: 51/109 [slime creature (7)]
 27573 | D:12     | Found a staircase to the Orcish Mines.
 28167 | D:12     | Received a gift from Okawaru
 28170 | D:12     | Got a polished hand axe {god gift}
 28171 | D:12     | Identified the +8 hand axe of Defiance {freeze, rElec Str-4
                  | Dex+5 Stlth+} (Okawaru gifted it to you on level 12 of the
                  | Dungeon)
 28622 | D:13     | Reached skill level 16 in Unarmed Combat
 28700 | Orc:1    | Entered Level 1 of the Orcish Mines
 28840 | Orc:2    | Entered Level 2 of the Orcish Mines
 28841 | Orc:2    | Noticed a stone giant
 29107 | Orc:2    | Killed a stone giant
 29400 | Orc:2    | Found a staircase to the Elven Halls.
 29507 | Orc:1    | Found Emenik's Weapon Shop.
 29511 | Orc:1    | Found a roughly hewn altar of Beogh.
 29557 | Orc:1    | HP: 52/109 [two-headed ogre/giant spiked club (10)]
 29897 | Orc:1    | Reached skill level 10 in Fighting
 30166 | Orc:2    | HP: 46/110 [orc warrior/halberd (34)]
 30571 | Orc:2    | HP: 54/110 [sixfirhy[an orc high priest] (11)]
 30576 | Orc:2    | HP: 29/110 [sixfirhy[an orc high priest] (3)]
 30834 | Orc:2    | Paralysed by an orc sorcerer for 7 turns
 30920 | Orc:2    | HP: 55/110 [soul eater/drain life[an orc high priest] (5)]
 31078 | Orc:1    | Learned a level 2 spell: Song of Slaying
 31082 | Orc:1    | Learned a level 3 spell: Regeneration
 31099 | Orc:1    | Received a gift from Okawaru
 31132 | Orc:2    | Paralysed by an orc sorcerer for 4 turns
 31133 | Orc:2    | HP: 53/110 [orc priest/divine providence (14)]
 31137 | Orc:2    | HP: 11/110 [sun demon[an orc sorcerer] (21)]
 31137 | Orc:2    | Killed from afar by an orc sorcerer

Skill      XL: |  1  2  3  4  5  6  7  8  9 10 11 12 13 14 |
---------------+-------------------------------------------+-----
Unarmed Combat | 1 2 3 4 5 6 7 8 10 11 12 13 15 16 | 16.4
Fighting       | 1 2 3 4 5 6 7 8 9 10 | 10.1
Ice Magic      | 4 5 |  5.0
Dodging        | 3 4 5 6 8 9 10 11 | 11.5
Shields        | 2 4 |  4.0
Armour         | 2 3 4 5 6 7 8 |  8.5
Stealth        | 4 5 |  5.0
Evocations     | 5 |  5.0
Invocations    | 2 4 5 7 8 |  8.3
Spellcasting   | |  2.0
Conjurations   | |  0.6
Charms         | |  0.4

Action                   |  1- 3 |  4- 6 |  7- 9 | 10-12 | 13-15 || total
-------------------------+-------+-------+-------+-------+-------++-------
Melee: Unarmed           |    20 |   162 |   458 |  1235 |  1543 ||  3418
       Bite              |       |    10 |    43 |   150 |   189 ||   392
       Punch             |       |     2 |     4 |       |       ||     6
 Cast: Freeze            |    51 |   138 |    78 |    57 |       ||   324
Invok: Heroism           |       |       |       |    15 |    15 ||    30
       Finesse           |       |       |       |     1 |     1 ||     2
Evoke: Wand              |       |       |       |     2 |       ||     2
  Use: Potion            |     7 |    18 |    26 |    59 |    49 ||   159
       Scroll            |       |     8 |     9 |    14 |     9 ||    40
 Stab: Sleeping          |       |       |     2 |     5 |     1 ||     8
       Distracted        |       |       |     1 |       |     2 ||     3
       Confused          |       |       |       |     1 |       ||     1
       Held in net/web   |       |       |       |     1 |       ||     1
       Paralysed         |       |       |       |     1 |       ||     1
  Eat: Corpse            |       |       |       |       |     1 ||     1
Armor: Robe              |     7 |     4 |       |       |       ||    11
       Ring mail         |       |   134 |   228 |   376 |       ||   738
       Scale mail        |       |       |       |    10 |   552 ||   562
Dodge: Dodged            |    37 |   185 |   289 |   611 |   871 ||  1993
Block: Buckler           |       |       |    63 |   223 |   368 ||   654

Vault maps used:
D:1:      scummos_arrival_star
D:3:      minmay_goblin_kobold_castle, kennysheep_decorative_pillar, uniq_robin
D:4:      temple_fountains, ebering_ghost_disaster_area, uniq_duvessa,
          uniq_sigmund
D:5:      grunt_temple_overflow_diamond, first_ration
D:7:      gammafunk_wand_slinger, serial_shops, shop_statue, minivault_14
D:8:      grunt_livestock, minmay_checkerbox, uniq_pikel, uniq_gastronok
D:9:      kennysheep_okawaru_gauntlet, gammafunk_temple_overflow_statue,
          lair_entry_dummy
D:10:     enter_bailey_3, makhleb_altar_promises_db
D:11:     minmay_misc_feat_iff, minivault_28, uniq_josephine
D:12:     hiddenorc2_lemuel
D:13:     minmay_misc_feat_plants
Temple:   eino_temple_rhombus
Lair:1:   serial_bayou_pond_c, lemuel_fruit_tree
Lair:2:   minmay_shoals_entry_hut, spider_nest_entry_web_field
Lair:3:   st_stairs_7, pond
Lair:5:   slime_altar_1, lab_entry_generic, serial_bayou_shore_b
Lair:6:   guppyfry_lair_end_dragon, hangedman_lair_in_review, enter_volcano_3,
          basic_altar
Orc:1:    serial_shops, nicolae_shop_window_shopping, basic_altar
Orc:2:    grunt_orc_tribal_feast
Lab:      labyrinth_watery, nicolae_lab_grate, labyrinth_glass_1,
          nicolae_lab_very_dead_end, nicolae_lab_diamond,
          labyrinth_skeletal_remains
Bailey:   bailey_polearm_4, bailey
Volcano:  volcano_pools
